cohdb
Replays
Latest Replays
All Replays
Popular Replays
Top Player Replays
Match Explorer
How It Works
Community
CoH3 Stats
Reddit
Sign in to upload your games and track your stats! →
Sign in with Steam
Match 43995044
Unlisted
Match 43995044
Overview
Messages
Build Orders
End
Royal Engineer Section
Selects Heavy Armor Battlegroup
Construct Section Command Post
Dingo Light Scout Car
Infantry Section
Infantry Section
Construct Platoon Command Post
Selects Light Vehicle Withdraw and Refit
Selects Rigorous Vehicle Training
Humber Armored Car
Humber Armored Car
Light Vehicle Training
Infantry Section
Light Vehicle Withdraw and Refit
Selects Radio Net
Selects Forward Repair Assembly
CMP 15cwt Truck
Construct Company Command Post
DrewP
Jodi
Markov Wang
CPU - Hard
CPU - Hard
CPU - Hard
0
0
Comments
sign in to comment!
No comments posted yet!